TOP OF THE 1ST |
Mahoning Valley Scrappers batting - Pitching for Vermont Lake Monsters : RHP Luis Stuit
|
Pitching: RHP Luis Stuit
|
|
Batting: RHB Ricky Cordova
|
0-0: Called Strike 0-1: Ball 1-1: Foul Ball, location: 2F 1-2: Foul Ball, location: 2F 1-2: Foul Ball, location: 2F 1-2: Ball 2-2: Ball 3-2: Base on Balls
|
Batting: RHB Jose Argueta
|
0-0: Called Strike Ricky Cordova steals 2nd base 0-1: Ball 1-1: Ball 2-1: Foul Ball, location: 2F 2-2: Ball 3-2: SINGLE (Line Drive, 4M, EV 103.1 MPH) Ricky Cordova to third Runner from 3rd tries for Home, SAFE, throw by CF to home
|
Batting: LHB Dave Key
|
0-0: Called Strike 0-1: Hit by Pitch Jose Argueta to second
|
Batting: RHB Kevin Wiles
|
0-0: Called Strike 0-1: Foul Ball, location: 2F 0-2: 3-RUN HOME RUN (Line Drive, 7D, EV 103.1 MPH), Distance : 385 ft
|
Batting: RHB Nick Gossman
|
0-0: Ball 1-0: Ground out U3 (Groundball, 34, EV 90.0 MPH)
|
Batting: RHB Justin Young
|
0-0: Ground out 1-3 (Groundball, 13S, EV 74.4 MPH)
|
Batting: RHB Aaron Stout
|
0-0: Ball 1-0: Called Strike 1-1: Called Strike 1-2: Strikes out swinging
|
Top of the 1st over - 4 runs, 2 hits, 0 errors, 0 left on base; Mahoning Valley 4 - Vermont 0 |
BOTTOM OF THE 1ST |
Vermont Lake Monsters batting - Pitching for Mahoning Valley Scrappers : RHP Oscar Alvarado
|
Pitching: RHP Oscar Alvarado
|
|
Batting: RHB Josh Mauer
|
0-0: Swinging Strike 0-1: Swinging Strike 0-2: Ball 1-2: Ball 2-2: Foul Ball, location: 2F 2-2: Ball 3-2: Fly out, F7 (Flyball, 78M, EV 96.2 MPH)
|
Batting: LHB Nate Melendez
|
0-0: Foul Ball, location: 2F 0-1: Swinging Strike 0-2: Foul Ball, location: 2F 0-2: Foul Ball, location: 2F 0-2: Ball 1-2: Ball 2-2: Ball 3-2: SINGLE (Line Drive, 9S, EV 108.1 MPH)
|
Batting: RHB Zachary Anderson
|
0-0: Called Strike 0-1: Ball 1-1: Ball 2-1: SINGLE (Line Drive, 56D, EV 100.6 MPH) Nate Melendez to second
|
Batting: LHB Brian Puccio
|
0-0: Called Strike 0-1: Ball 1-1: Foul Ball, location: 2F 1-2: Ball 2-2: Ball 3-2: Strikes out looking
|
Batting: LHB Igor Ciobanu
|
0-0: Called Strike 0-1: Called Strike 0-2: Strikes out swinging
|
Bottom of the 1st over - 0 runs, 2 hits, 0 errors, 2 left on base; Mahoning Valley 4 - Vermont 0 |
TOP OF THE 2ND |
Mahoning Valley Scrappers batting - Pitching for Vermont Lake Monsters : RHP Luis Stuit
|
Batting: RHB Leo Villa
|
0-0: Called Strike 0-1: Swinging Strike 0-2: Ball 1-2: Ground out 4-3 (Groundball, 4, EV 83.1 MPH)
|
Batting: RHB Tacito Carreiro
|
0-0: Ball 1-0: Called Strike 1-1: Called Strike 1-2: Ball 2-2: Ball 3-2: Base on Balls
|
Batting: RHB Ricky Cordova
|
0-0: TRIPLE (Flyball, 9LD, EV 100.6 MPH) Tacito Carreiro scores
|
Batting: RHB Jose Argueta
|
0-0: Called Strike 0-1: Called Strike 0-2: Foul Ball, location: 2F 0-2: Strikes out swinging
|
Batting: LHB Dave Key
|
0-0: Ground out 4-3 (Groundball, 4, EV 86.9 MPH)
|
Top of the 2nd over - 1 run, 1 hit, 0 errors, 1 left on base; Mahoning Valley 5 - Vermont 0 |
BOTTOM OF THE 2ND |
Vermont Lake Monsters batting - Pitching for Mahoning Valley Scrappers : RHP Oscar Alvarado
|
Batting: RHB Chris Prinzing
|
0-0: Called Strike 0-1: Ball 1-1: DOUBLE (Flyball, 8LXD, EV 88.8 MPH) - OUT at third base trying to stretch hit.
|
Batting: SHB Steve Salafia
|
0-0: Ball 1-0: Foul Ball, location: 2F 1-1: Swinging Strike 1-2: Ball 2-2: Ground out 6-3 (Groundball, 6M, EV 91.2 MPH)
|
Batting: SHB Matt Sybrant
|
0-0: Ball 1-0: Ball 2-0: Ball 3-0: Base on Balls
|
Batting: SHB Eric Tiehen
|
0-0: Ball 1-0: Called Strike 1-1: Ball 2-1: Ball 3-1: Base on Balls Matt Sybrant to second
|
Batting: RHB Josh Mauer
|
0-0: Ball 1-0: Called Strike 1-1: Swinging Strike 1-2: Foul Ball, location: 2F 1-2: Foul Ball, location: 2F 1-2: Strikes out swinging
|
Bottom of the 2nd over - 0 runs, 1 hit, 0 errors, 2 left on base; Mahoning Valley 5 - Vermont 0 |
TOP OF THE 3RD |
Mahoning Valley Scrappers batting - Pitching for Vermont Lake Monsters : RHP Luis Stuit
|
Batting: RHB Kevin Wiles
|
0-0: Called Strike 0-1: Ball 1-1: Ball 2-1: Foul Ball, location: 2F 2-2: Foul Ball, location: 2F 2-2: SOLO HOME RUN (Flyball, 78XD, EV 115.0 MPH), Distance : 419 ft
|
Batting: RHB Nick Gossman
|
0-0: Foul Ball, location: 2F 0-1: Foul Ball, location: 2F 0-2: Strikes out swinging
|
Batting: RHB Justin Young
|
0-0: Called Strike 0-1: Called Strike 0-2: Ball 1-2: SINGLE (Line Drive, 5D, EV 99.4 MPH)
|
Pitching: LHP Steve Lima
|
|
Batting: RHB Aaron Stout
|
0-0: Ball 1-0: Foul Ball, location: 2F 1-1: Ball 2-1: Swinging Strike 2-2: Foul Ball, location: 2F 2-2: Strikes out swinging
|
Batting: RHB Leo Villa
|
0-0: Ball 1-0: Ball 2-0: Ball 3-0: Called Strike 3-1: Base on Balls Justin Young to second
|
Batting: RHB Tacito Carreiro
|
0-0: Called Strike 0-1: Ball 1-1: Foul Ball, location: 2F 1-2: Strikes out looking
|
Top of the 3rd over - 1 run, 2 hits, 0 errors, 2 left on base; Mahoning Valley 6 - Vermont 0 |
BOTTOM OF THE 3RD |
Vermont Lake Monsters batting - Pitching for Mahoning Valley Scrappers : RHP Oscar Alvarado
|
Batting: LHB Nate Melendez
|
0-0: Called Strike 0-1: Swinging Strike 0-2: Strikes out swinging
|
Batting: RHB Zachary Anderson
|
0-0: Called Strike 0-1: Foul Ball, location: 2F 0-2: Ball 1-2: Strikes out swinging
|
Batting: LHB Brian Puccio
|
0-0: Swinging Strike 0-1: Foul Ball, location: 2F 0-2: Ball 1-2: Strikes out looking
|
Bottom of the 3rd over - 0 runs, 0 hits, 0 errors, 0 left on base; Mahoning Valley 6 - Vermont 0 |
TOP OF THE 4TH |
Mahoning Valley Scrappers batting - Pitching for Vermont Lake Monsters : LHP Steve Lima
|
Batting: RHB Ricky Cordova
|
0-0: Fly out, F8 (Line Drive, 8LM, EV 96.9 MPH)
|
Batting: RHB Jose Argueta
|
0-0: Foul Ball, location: 2F 0-1: Ball 1-1: Ball 2-1: Ball 3-1: Base on Balls
|
Batting: LHB Dave Key
|
0-0: Ball 1-0: Called Strike 1-1: DOUBLE (Groundball, 5L, EV 105.6 MPH) Jose Argueta to third
|
Batting: RHB Kevin Wiles
|
0-0: Called Strike 0-1: Called Strike 0-2: Foul Ball, location: 2F 0-2: Ball 1-2: Strikes out swinging
|
Batting: RHB Nick Gossman
|
0-0: Ball 1-0: Called Strike 1-1: Foul Ball, location: 2F 1-2: Foul Ball, location: 2F 1-2: Ball 2-2: Strikes out swinging
|
Top of the 4th over - 0 runs, 1 hit, 0 errors, 2 left on base; Mahoning Valley 6 - Vermont 0 |
BOTTOM OF THE 4TH |
Vermont Lake Monsters batting - Pitching for Mahoning Valley Scrappers : RHP Oscar Alvarado
|
Batting: LHB Igor Ciobanu
|
0-0: Ball 1-0: Ball 2-0: Foul Ball, location: 2F 2-1: Ball 3-1: Swinging Strike 3-2: Strikes out swinging
|
Batting: RHB Chris Prinzing
|
0-0: Called Strike 0-1: Ball 1-1: Ball 2-1: Swinging Strike 2-2: Foul Ball, location: 2F 2-2: Foul Ball, location: 2F 2-2: Ball 3-2: Strikes out swinging
|
Batting: SHB Steve Salafia
|
0-0: Ball 1-0: Swinging Strike 1-1: Ball 2-1: Ball 3-1: Base on Balls
|
Batting: SHB Matt Sybrant
|
0-0: Ball 1-0: Called Strike 1-1: Ground out 5-3 (Groundball, 56S, EV 68.1 MPH)
|
Bottom of the 4th over - 0 runs, 0 hits, 0 errors, 1 left on base; Mahoning Valley 6 - Vermont 0 |
TOP OF THE 5TH |
Mahoning Valley Scrappers batting - Pitching for Vermont Lake Monsters : LHP Steve Lima
|
Batting: RHB Justin Young
|
0-0: Ball 1-0: Called Strike 1-1: Ground out 1-3 (Groundball, 13S, EV 63.1 MPH)
|
Batting: RHB Aaron Stout
|
0-0: Ball 1-0: Ball 2-0: Foul Ball, location: 2F 2-1: Ground out 6-3 (Groundball, 6, EV 88.8 MPH)
|
Batting: RHB Leo Villa
|
0-0: Ball 1-0: Ball 2-0: Swinging Strike 2-1: Foul Ball, location: 2F 2-2: Strikes out swinging
|
Top of the 5th over - 0 runs, 0 hits, 0 errors, 0 left on base; Mahoning Valley 6 - Vermont 0 |
BOTTOM OF THE 5TH |
Vermont Lake Monsters batting - Pitching for Mahoning Valley Scrappers : RHP Oscar Alvarado
|
Batting: SHB Eric Tiehen
|
0-0: Ball 1-0: Called Strike 1-1: Called Strike 1-2: Strikes out swinging, 2-3 out at first.
|
Batting: RHB Josh Mauer
|
0-0: Called Strike 0-1: Ball 1-1: Ball 2-1: Ball 3-1: Base on Balls
|
Batting: LHB Nate Melendez
|
0-0: Ball 1-0: Ball Josh Mauer steals 2nd base 2-0: SINGLE (Line Drive, 56, EV 98.1 MPH) Josh Mauer to third
|
Batting: RHB Zachary Anderson
|
0-0: Ball 1-0: Foul Ball, location: 2F 1-1: SINGLE (Groundball, 6MD, EV 108.1 MPH) Josh Mauer scores Nate Melendez to second
|
Batting: LHB Brian Puccio
|
0-0: Called Strike 0-1: Fly out, F5 (Popup, 56S, EV 71.9 MPH)
|
Pitching: RHP Jonah Syndergaard
|
|
Batting: LHB Igor Ciobanu
|
0-0: Ball 1-0: Ball 2-0: Ball 3-0: Base on Balls Nate Melendez to third Zachary Anderson to second
|
Batting: RHB Chris Prinzing
|
0-0: Called Strike 0-1: Fielders Choice at 2nd, 5-4 (Groundball, 56, EV 100.6 MPH)
|
Bottom of the 5th over - 1 run, 2 hits, 0 errors, 3 left on base; Mahoning Valley 6 - Vermont 1 |
TOP OF THE 6TH |
Mahoning Valley Scrappers batting - Pitching for Vermont Lake Monsters : LHP Steve Lima
|
Batting: RHB Tacito Carreiro
|
0-0: Ball 1-0: Ball 2-0: Ball 3-0: Called Strike 3-1: DOUBLE (Line Drive, 89D, EV 99.4 MPH)
|
Pitching: RHP Igoryok Wolgaevsky
|
|
Batting: RHB Ricky Cordova
|
0-0: Ball 1-0: Ball 2-0: Ball 3-0: Called Strike 3-1: Foul Ball, location: 2F 3-2: Strikes out swinging
|
Batting: RHB Jose Argueta
|
0-0: Ball 1-0: Ball 2-0: Called Strike 2-1: Foul Ball, location: 2F 2-2: Strikes out looking
|
Batting: LHB Dave Key
|
0-0: Ground out 6-3 (Groundball, 6, EV 87.5 MPH)
|
Top of the 6th over - 0 runs, 1 hit, 0 errors, 1 left on base; Mahoning Valley 6 - Vermont 1 |
BOTTOM OF THE 6TH |
Vermont Lake Monsters batting - Pitching for Mahoning Valley Scrappers : RHP Jonah Syndergaard
|
Batting: SHB Steve Salafia
|
0-0: Called Strike 0-1: Foul Ball, location: 2F 0-2: Ball 1-2: DOUBLE (Line Drive, 7LM, EV 110.6 MPH)
|
Batting: SHB Matt Sybrant
|
0-0: Called Strike Balk! Steve Salafia to third 0-1: Swinging Strike 0-2: Ball 1-2: Strikes out swinging
|
Batting: SHB Eric Tiehen
|
0-0: Called Strike 0-1: Ball 1-1: Called Strike 1-2: Strikes out swinging
|
Batting: RHB Josh Mauer
|
0-0: Ball 1-0: Ball Balk! Steve Salafia scores 2-0: Ball 3-0: Called Strike 3-1: Ground out 5-3 (Groundball, 56S, EV 90.0 MPH)
|
Bottom of the 6th over - 1 run, 1 hit, 0 errors, 0 left on base; Mahoning Valley 6 - Vermont 2 |
TOP OF THE 7TH |
Mahoning Valley Scrappers batting - Pitching for Vermont Lake Monsters : RHP Igoryok Wolgaevsky
|
Batting: RHB Kevin Wiles
|
0-0: Called Strike 0-1: Swinging Strike 0-2: Ball 1-2: Foul Ball, location: 2F 1-2: Strikes out looking
|
Batting: RHB Nick Gossman
|
0-0: Hit by Pitch
|
Batting: RHB Justin Young
|
0-0: Ball 1-0: Ball 2-0: Ball Wild Pitch! Nick Gossman to second 3-0: Called Strike 3-1: Called Strike 3-2: Strikes out swinging
|
Batting: RHB Aaron Stout
|
0-0: Hit by Pitch
|
Batting: RHB Leo Villa
|
0-0: Called Strike 0-1: Ball 1-1: Fly out, F9 (Flyball, 89D, EV 92.5 MPH)
|
Top of the 7th over - 0 runs, 0 hits, 0 errors, 2 left on base; Mahoning Valley 6 - Vermont 2 |
BOTTOM OF THE 7TH |
Vermont Lake Monsters batting - Pitching for Mahoning Valley Scrappers : RHP Jonah Syndergaard
|
Now in RF: Jaquan Brown
|
|
Batting: LHB Nate Melendez
|
0-0: Ball 1-0: Ground out 4-3 (Groundball, 4, EV 83.1 MPH)
|
Batting: RHB Zachary Anderson
|
0-0: Foul Ball, location: 2F 0-1: Ball 1-1: SINGLE (Groundball, 6MD, EV 103.8 MPH)
|
Batting: LHB Brian Puccio
|
|
Pitching: LHP Micah Watson
|
|
Batting: RHB Jon Coleman
|
0-0: Foul Ball, location: 2F Pickoff Play to 1st, Runner tries for 2nd, OUT after rundown. 0-1: Ball 1-1: Ground out 5-3 (Groundball, 5, EV 85.0 MPH)
|
Bottom of the 7th over - 0 runs, 1 hit, 0 errors, 0 left on base; Mahoning Valley 6 - Vermont 2 |
TOP OF THE 8TH |
Mahoning Valley Scrappers batting - Pitching for Vermont Lake Monsters : RHP Igoryok Wolgaevsky
|
Batting: RHB Tacito Carreiro
|
0-0: Ball 1-0: Ball 2-0: Ball 3-0: Base on Balls
|
Batting: RHB Ricky Cordova
|
0-0: Ball 1-0: Fly out, F8 (Flyball, 8LD, EV 91.9 MPH)
|
Batting: RHB Jose Argueta
|
0-0: Ball 1-0: Ball 2-0: Ball 3-0: Called Strike 3-1: Called Strike 3-2: SINGLE (Line Drive, 78S, EV 99.4 MPH) Tacito Carreiro to second
|
Pitching: RHP Pedro Taveras
|
|
Batting: LHB Dave Key
|
0-0: Called Strike 0-1: Fielders Choice at 2nd, 6-4 (Groundball, 6MD, EV 106.2 MPH) Tacito Carreiro to third
|
Batting: RHB Kevin Wiles
|
0-0: Ball 1-0: Foul Ball, location: 2F 1-1: Foul Ball, location: 2F 1-2: Ground out 6-3 (Groundball, 6D, EV 102.5 MPH)
|
Top of the 8th over - 0 runs, 1 hit, 0 errors, 2 left on base; Mahoning Valley 6 - Vermont 2 |
BOTTOM OF THE 8TH |
Vermont Lake Monsters batting - Pitching for Mahoning Valley Scrappers : LHP Micah Watson
|
Batting: LHB Igor Ciobanu
|
0-0: Ball 1-0: Swinging Strike 1-1: Ball 2-1: Called Strike 2-2: Ground out 4-3 (Groundball, 4, EV 85.0 MPH)
|
Batting: RHB Chris Prinzing
|
0-0: Swinging Strike 0-1: Called Strike 0-2: Strikes out swinging
|
Batting: SHB Steve Salafia
|
0-0: Ball 1-0: Ball 2-0: Called Strike 2-1: SINGLE (Line Drive, 89S, EV 105.0 MPH)
|
Batting: SHB Matt Sybrant
|
0-0: Called Strike 0-1: Swinging Strike 0-2: Ball 1-2: Ball 2-2: Foul Ball, location: 2F 2-2: Ball 3-2: Strikes out swinging
|
Bottom of the 8th over - 0 runs, 1 hit, 0 errors, 1 left on base; Mahoning Valley 6 - Vermont 2 |
TOP OF THE 9TH |
Mahoning Valley Scrappers batting - Pitching for Vermont Lake Monsters : RHP Pedro Taveras
|
Batting: RHB Nick Gossman
|
0-0: Called Strike 0-1: Ball 1-1: Foul Ball, location: 2F 1-2: Foul Ball, location: 2F 1-2: Ball 2-2: Ball 3-2: Ground out 4-3 (Groundball, 4S, EV 63.8 MPH)
|
Batting: RHB Justin Young
|
0-0: Called Strike 0-1: Foul Ball, location: 2F 0-2: Ball 1-2: Ball 2-2: Strikes out swinging
|
Batting: RHB Aaron Stout
|
0-0: Swinging Strike 0-1: Called Strike 0-2: Strikes out swinging
|
Top of the 9th over - 0 runs, 0 hits, 0 errors, 0 left on base; Mahoning Valley 6 - Vermont 2 |
BOTTOM OF THE 9TH |
Vermont Lake Monsters batting - Pitching for Mahoning Valley Scrappers : LHP Micah Watson
|
Batting: SHB Eric Tiehen
|
0-0: Foul Ball, location: 2F 0-1: Ball 1-1: Ball 2-1: Fly out, F8 (Flyball, 89M, EV 95.6 MPH)
|
Batting: RHB Josh Mauer
|
0-0: Called Strike 0-1: Swinging Strike 0-2: Ball 1-2: Foul Ball, location: 2F 1-2: Strikes out swinging
|
Batting: LHB Nate Melendez
|
0-0: Called Strike 0-1: Swinging Strike 0-2: Ball 1-2: Ball 2-2: Foul Ball, location: 2F 2-2: Foul Ball, location: 2F 2-2: Strikes out swinging
|
Bottom of the 9th over - 0 runs, 0 hits, 0 errors, 0 left on base; Mahoning Valley 6 - Vermont 2 |
|